 Dungeon Crawl Stone Soup version 0.29-a0-380-gf50f0a9fbc (webtiles) character file.

Game seed: 5140471810194124002

105 Antichthon the Skirmisher (level 5, -3/42 HPs)
             Began as a Formicid Abyssal Knight on May 5, 2022.
             Was a Believer of Lugonu.
             Slain by Natasha (6 damage)
             ... on level 2 of the Dungeon.
             The game lasted 00:02:39 (2215 turns).

Antichthon the Skirmisher (Formicid Abyssal Knight) Turns: 2215, Time: 00:02:39

Health: -3/42      AC: 11    Str: 17    XL:     5   Next: 9%
Magic:  6/6        EV:  7    Int: 10    God:    Lugonu [**....]
Gold:   99         SH:  0    Dex: 13    Spells: 4/4 levels left

rFire   . . .      SeeInvis +   a - +1 falchion
rCold   . . .      Faith    .   (no shield)
rNeg    . . .      Spirit   .   e - +0 chain mail
rPois   .          Reflect  .   (helmet unavailable)
rElec   .          Harm     .   (no cloak)
rCorr   .          Rampage  .   h - +1 pair of gloves
Will    .....                   (no boots)
Stlth   ..........              (no amulet)
HPRegen 0.14/turn               (no ring)
MPRegen 0.10/turn               (no ring)

@: no status effects
A: permanent stasis, dig shafts and tunnels, antennae 3, four strong arms
a: Dig, Shaft Self, Renounce Religion, Depart the Abyss, Bend Space


You were on level 2 of the Dungeon.
You worshipped Lugonu.
Lugonu was pleased with you.
You visited 1 branch of the dungeon, and saw 2 of its levels.
You visited the Abyss 1 time.

You collected 99 gold pieces.

Inventory:

Hand Weapons
 a - a +1 falchion (weapon)
Armour
 e - a +0 chain mail (worn)
 h - a +1 pair of gloves (worn)
 j - a +0 pair of boots
Jewellery
 b - an amulet of the acrobat
Scrolls
 c - a scroll of fear {unknown}
 d - 2 scrolls of identify {unknown}
 g - 2 scrolls of teleportation {unknown}


   Skills:
 * Level 3.9 Fighting
 * Level 3.0 Long Blades
 * Level 0.8 Crossbows
 * Level 2.7 Armour
 * Level 1.3 Dodging
 * Level 0.8 Stealth
 * Level 1.0 Shields
 * Level 2.5 Invocations
 * Level 0.9 Evocations


You had 4 spell levels left.
You didn't know any spells.
Your spell library contained the following spells:

 Spells                   Type           Power      Damage    Failure   Level
 Summon Guardian Golem    Hex/Summ       0%         N/A       100%        3
 Alistair's Intoxication  Tmut/Pois      0%         N/A       100%        5
 Borgnjor's Vile Clutch   Necr/Erth      0%         N/A       100%        5
 Eringya's Noxious Bog    Tmut/Pois      0%         N/A       100%        6
 Orb of Destruction       Conj           0%         9d5       100%        7
 Spellforged Servitor     Conj/Summ      0%         N/A       100%        7


Dungeon Overview and Level Annotations

Branches:
Dungeon (2/15)

Altars:
Dithmenos

Annotations:
D:2 Natasha


Innate Abilities, Weirdness & Mutations

You cannot be hasted, slowed, berserked, paralysed or teleported.
You can dig through walls and to a lower floor.
You have a pair of large antennae on your head. (SInv)
Your four strong arms can wield two-handed weapons with a shield.


Message History

Natasha, Servant of Life and Death comes into view.
Natasha hisses angrily.
Okay, then.
You hit Natasha.
Natasha is moderately wounded.
Natasha claws you.
You hit Natasha.
Natasha is heavily wounded.
Natasha claws you but does no damage.
You barely miss Natasha.
Natasha is heavily wounded.
Natasha claws you.
You barely miss Natasha.
Natasha is heavily wounded.
Natasha barely misses you.
You closely miss Natasha.
Natasha is heavily wounded.
Natasha casts a spell at you. The magic dart hits you.
* * * LOW HITPOINT WARNING * * *
You hit Natasha.
Natasha is heavily wounded.
Natasha claws you.
* * * LOW HITPOINT WARNING * * *
Natasha claws you.
* * * LOW HITPOINT WARNING * * *
You hit Natasha.
Natasha is heavily wounded.
Natasha barely misses you.
Unknown command.
You closely miss Natasha.
Natasha is heavily wounded.
Natasha stares at you and mumbles some strange words.
The magic dart hits you.
* * * LOW HITPOINT WARNING * * *
Unknown command.
You closely miss Natasha.
Natasha is heavily wounded.
Natasha claws you.
You die...

############
#...)....h.#
#.##...###.####
#...h@..†..###########
#...###.##............
......##
#.##############
.....# #.# ...... #.#
..._.. #.# ...... #.#
... ...


You could see Natasha.

Vanquished Creatures
  Natasha (twice) (D:2)
  2 gnolls (D:1)
  3 dart slugs (D:1)
  6 ball pythons
  2 endoplasms (D:1)
  4 giant cockroaches
  3 hobgoblins (D:1)
  3 quokkas
  A bat (D:2)
  4 frilled lizards
  4 rats
34 creatures vanquished.

Notes
Turn   | Place    | Note
-------+----------+-------------------------------------------
     0 | Abyss:1  | Antichthon the Formicid Abyssal Knight began the quest for
                  | the Orb.
     0 | Abyss:1  | Reached XP level 1. HP: 18/18 MP: 2/2
     0 | D:1      | Escaped the Abyss
    87 | D:1      | Reached skill level 1 in Dodging
    87 | D:1      | Reached XP level 2. HP: 3/24 MP: 3/3
   719 | D:1      | Reached XP level 3. HP: 20/30 MP: 4/4
   719 | D:1      | Reached ** piety under Lugonu
  1309 | D:1      | Reached XP level 4. HP: 37/37 MP: 5/5
  1832 | D:2      | Noticed Natasha
  1843 | D:2      | Killed Natasha
  2071 | D:2      | Found a shadowy altar of Dithmenos.
  2072 | D:2      | Noticed Natasha
  2099 | D:2      | Killed Natasha
  2100 | D:2      | Reached skill level 1 in Shields
  2100 | D:2      | Reached XP level 5. HP: 4/42 MP: 6/6
  2108 | D:2      | HP: 2/42 [quokka (3)]
  2202 | D:2      | Noticed Natasha
  2215 | D:2      | Slain by Natasha

Illustrated notes

Levels and vault maps discovered:
D:1:      dpeg_arrival_more_subterranean_lakeside_camping, layout_basic,
          minmay_misc_feat_ornament, minmay_misc_feat_cross, st_stairs_4,
          hex_medium, hex_tiny, minmay_bisected
D:2:      minmay_spotlight, layout_loops_ring,
          hellmonk_ecumenical_altar_heavens_door, basic_altar,
          amcnicky_mini_corridor_feature, nrook_mini_backslash, uniq_natasha

Skill      XL: |  1  2  3  4 |
---------------+-------------+-----
Dodging        | 1 |  1.3
Long Blades    | 3 |  3.0
Shields        | 1 |  1.0
Fighting       | |  3.9
Crossbows      | |  0.8
Armour         | |  2.7
Stealth        | |  0.8
Invocations    | |  2.5
Evocations     | |  0.9

Action                   |  1- 3 |  4- 6 || total
-------------------------+-------+-------++-------
Melee: Falchion          |    75 |    60 ||   135
       Punch             |     1 |       ||     1
Invok: Depart the Abyss  |     1 |       ||     1
  Use: Potion            |       |     2 ||     2
Armor: Leather armour    |    13 |       ||    13
       Chain mail        |    14 |    25 ||    39
Dodge: Dodged            |    45 |    24 ||    69

Table legend: (Time is in decaauts)
 A = Elapsed time spent in this place.
 B = Non-inter-level travel time spent in this place.
 C = Inter-level travel time spent in this place.
 D = Time resting spent in this place.
 E = Time spent auto-exploring this place.
 F = Levels seen in this place.
 G = Mean time per level.
                   A        B        C        D        E       F      G
               +--------+--------+--------+--------+--------+-----+--------+
         Total |   2238 |   2201 |     37 |     95 |   1665 |   3 |  746.0 |
       Dungeon |   2238 |   2201 |     37 |     95 |   1665 |   2 | 1119.0 |
         Abyss |      0 |      0 |      0 |      0 |      0 |   1 |    0.0 |
               +--------+--------+--------+--------+--------+-----+--------+

Top non-repeatable levels by time:
     D:1: 1796 daAuts
     D:2: 441 daAuts
